 Dungeon Crawl Stone Soup version 0.20.1-1-g8b1a95d (webtiles) character file.

59 Minstaer the Charmwright (level 4, 0/29 HPs)
             Began as a Halfling Skald on Nov 4, 2017.
             Slain by a gnoll
             ... wielding a +0 spear
              (5 damage)
             ... on level 2 of the Dungeon.
             The game lasted 00:10:03 (1885 turns).

Minstaer the Charmwright (Halfling Skald)           Turns: 1885, Time: 00:10:03

Health: 0/29       AC:  3    Str: 12    XL:     4   Next: 22%
Magic:  7/7        EV: 14    Int: 11    God:
Gold:   62         SH:  0    Dex: 14    Spells: 6/7 levels left

rFire    . . .     SeeInvis .   a - +0 falchion
rCold    . . .     Gourm    .   (shield restricted)
rNeg     . . .     Faith    .   t - +0 leather armour
rPois    .         Spirit   .   (no helmet)
rElec    .         Reflect  .   (no cloak)
rCorr    .         Harm     .   (no gloves)
MR       .....                  (no boots)
Stlth    ++........             (no amulet)
Regen    0.1/turn               j - ring of stealth
MPRegen  0.1/turn               (no ring)

@: no status effects
A: mutation resistance 1
a: no special abilities


You were on level 2 of the Dungeon.
You were not hungry.

You visited 1 branch of the dungeon, and saw 2 of its levels.

You collected 62 gold pieces.

Inventory:

Hand Weapons
 a - a +0 falchion (weapon)
 b - a +0 hunting sling
Missiles
 e - 42 stones (quivered)
 f - 51 arrows
 s - 12 sling bullets
Armour
 m - a +0 ring mail
 t - a +0 leather armour (worn)
Jewellery
 j - a ring of stealth (left hand)
Scrolls
 i - a scroll of enchant armour
 k - a scroll of teleportation
 l - 2 scrolls of fog {unknown}
 n - a scroll of fear {unknown}
 o - a scroll of remove curse {unknown}
 r - 3 scrolls of identify
Potions
 p - a potion of magic {unknown}
 q - a potion of curing {unknown}
Books
 c - a book of Battle

   Spells                             Type                      Level
   a - Infusion                       Charms                       1
   b - Shroud of Golubria             Charms/Translocation         2
   c - Song of Slaying                Charms                       2
   d - Spectral Weapon                Hexes/Charms                 3
   e - Regeneration                   Charms/Necromancy            3
Comestibles
 d - a bread ration
 g - 2 meat rations
 h - 5 fruits
 u - 2 chunks of flesh


   Skills:
 - Level 1.7 Fighting
 - Level 2.0 Long Blades
 - Level 1.1 Armour
 - Level 2.1 Dodging
 + Level 2.3 Spellcasting
 * Level 4.5 Charms


You had 6 spell levels left.
You knew the following spells:

 Your Spells              Type           Power        Failure   Level  Hunger
a - Infusion              Chrm           ##..         5%          1    ##.....


Dungeon Overview and Level Annotations

Branches:
Dungeon (2/15)

Altars:


Innate Abilities, Weirdness & Mutations

You are small and have problems with some larger weapons.
You are somewhat resistant to further mutation.


Message History

The gnoll hits you with a spear!
You hit the gnoll.
The gnoll is heavily wounded.
The gnoll hits you with a spear!
You hit the gnoll but do no damage.
The gnoll is heavily wounded.
The gnoll hits you but does no damage.
A gnoll comes into view.
The gnoll shouts!
You hit the gnoll but do no damage.
The gnoll is heavily wounded.
The gnoll hits you from afar with a vampiric halberd.
* * * LOW HITPOINT WARNING * * *
The gnoll closely misses you.
The gnoll hits you from afar with a spear.
* * * LOW HITPOINT WARNING * * *
A hobgoblin comes into view. It is wielding a club.
There is a stone staircase leading up here.
The gnoll hits you from afar with a spear.
You die...

#....#..# #....#..######
#.(..(..g.....
#..(.(...####.#.#
#.#....)...........
...[......g#.#..#.#
#..#####.gg#.#..#.#
............#..#.#
#.###.....@......#
#....######..#
##............#
......[.#######.#########
.##+
####.#..................#
.....
.........####.#####.###
#...##.#.#.###.# #.# #.#
....###.#.###.# #.# #.#
####..........#.#
#.#####.#


You could see 3 gnolls and a hobgoblin.

Vanquished Creatures
  A worm (D:2)
  2 dart slugs (D:1)
  3 leopard geckos
  3 giant cockroaches (D:1)
  7 goblins
  7 hobgoblins
  4 jackals (D:1)
  5 bats
  2 frilled lizards (D:1)
  6 kobolds
  2 rats
42 creatures vanquished.

Notes
Turn   | Place    | Note
-------+----------+-------------------------------------------
     0 | D:1      | Minstaer the Halfling Skald began the quest for the Orb.
     0 | D:1      | Reached XP level 1. HP: 14/14 MP: 3/3
   206 | D:1      | Reached XP level 2. HP: 16/19 MP: 4/4
   514 | D:1      | Reached XP level 3. HP: 24/24 MP: 6/6
   780 | D:1      | Reached skill level 4 in Charms
  1565 | D:2      | Reached XP level 4. HP: 29/29 MP: 7/7
  1885 | D:2      | Slain by a gnoll

Skill      XL: |  1  2  3 |
---------------+----------+-----
Spellcasting   | 2 |  2.3
Charms         | 4 |  4.5
Fighting       | |  1.7
Long Blades    | |  2.0
Armour         | |  1.1
Dodging        | |  2.1

Action                   |  1- 3 |  4- 6 || total
-------------------------+-------+-------++-------
Melee: Falchion          |   142 |    14 ||   156
 Fire: Hunting sling     |       |    10 ||    10
 Cast: Infusion          |     1 |       ||     1
  Use: Scroll            |     3 |       ||     3
 Stab: Sleeping          |     2 |       ||     2
  Eat: Chunk             |     2 |     1 ||     3
Armor: Leather armour    |    41 |     2 ||    43
Dodge: Dodged            |   108 |    10 ||   118
       Rpst.: Falchion   |    27 |     2 ||    29
